 Dungeon Crawl Stone Soup version 0.18.1-48-g4cf74bf (webtiles) character file.

203 WarriorsX the Skirmisher (level 6, 0/52 HPs)
             Began as a Human Fighter on July 27, 2016.
             Slain by a worm (8 damage)
             ... on level 3 of the Dungeon.
             The game lasted 00:05:05 (2107 turns).

WarriorsX the Skirmisher (Human Fighter)            Turns: 2107, Time: 00:05:05

Health: 0/52       AC: 12    Str: 19    XL:     6   Next: 8%
Magic:  6/6        EV:  5    Int:  8    God:
Gold:   158        SH:  0    Dex: 12    Spells: 0 memorised, 5 levels left

rFire  . . .     SeeInvis .     a - +0 long sword
rCold  . . .     Gourm    .     o - +0 plate armour
rNeg   . . .     Faith    .     (no shield)
rPois  .         Spirit   .     (no helmet)
rElec  .         Dismiss  .     g - +0 cloak
rCorr  .         Reflect  .     (no gloves)
SustAt .         Harm     .     (no boots)
MR     .....                    (no amulet)
Stlth  ..........               (no ring)
                                (no ring)

@: not resistant to hostile enchantments, extremely unstealthy
A: no striking features
a: no special abilities


You were on level 3 of the Dungeon.
You were not hungry.

You visited 1 branch of the dungeon, and saw 3 of its levels.

You collected 158 gold pieces.

Inventory:

Hand Weapons
 a - a +0 long sword (weapon)
Armour
 b - a +0 scale mail
 c - a +0 shield
 g - a +0 cloak (worn)
 o - a +0 plate armour (worn)
Jewellery
 j - an uncursed ring of flight {unknown}
Scrolls
 i - 2 scrolls of amnesia {unknown}
 k - a scroll of enchant armour {unknown}
 m - 2 scrolls of enchant weapon {unknown}
 n - a scroll of identify
Potions
 d - a potion of might
 e - 4 potions of heal wounds
 h - 2 potions of curing
 l - a potion of flight {unknown}
 p - a potion of lignification {unknown}
 q - a potion of brilliance {unknown}
Comestibles
 f - 3 bread rations


   Skills:
 - Level 6.0 Fighting
 + Level 2.6 Long Blades
 - Level 3.0 Armour
 - Level 0.2 Stealth
 - Level 3.0 Shields


You had 5 spell levels left.
You didn't know any spells.

Dungeon Overview and Level Annotations

Branches:
Dungeon (2/15)

Altars:
Ashenzari
Makhleb
Ru
Yredelemnul


Message History

You hit the worm but do no damage.
The worm is severely wounded.
The worm barely misses you.
You completely miss the worm.
The worm is heavily wounded.
You hit the worm but do no damage.
The worm is heavily wounded.
The worm bites you but does no damage.
You hit the worm.
The worm is severely wounded.
The worm barely misses you.
You hit the worm.
The worm is almost dead.
The worm bites you but does no damage.
You hit the worm but do no damage.
The worm is severely wounded.
You barely miss the worm.
The worm is severely wounded.
The worm bites you!
You die...

##.#...........#...#
#####.###.########.###.#
#....## ##.# #....)#
###.###.###.## ####.##
#......#.#.###.# #.#
#.#.##.##......# #.#
#.#.##.###.###.# #.####
.......)..## ..##..
.......††w@# ####.#
########.#.# ####.#
#....# #(.... ...⌠..#
#.##.# .......# #.##<#
?≈≈≈≈≈...# ##.....
...≈≈≈≈..# #......
...≈≈≈...# #......
#...#.#


You could see a worm.

Vanquished Creatures
  2 hounds (D:3)
  Ijyb (D:3)
  6 adders
  A worm (D:2)
  2 dart slugs (D:1)
  2 giant geckos
  2 orcs (D:3)
  3 bats
  A giant cockroach (D:1)
  10 goblins
  7 hobgoblins
  4 jackals (D:1)
  2 quokkas (D:3)
  3 ball pythons
  3 giant newts
  5 kobolds
  3 rats
57 creatures vanquished.

Notes
Turn   | Place    | Note
--------------------------------------------------------------
     0 | D:1      | WarriorsX the Human Fighter began the quest for the Orb.
     0 | D:1      | Reached XP level 1. HP: 18/18 MP: 1/1
    64 | D:1      | Reached XP level 2. HP: 9/24 MP: 2/2
   135 | D:1      | Found a shattered altar of Ashenzari.
   601 | D:1      | Reached skill level 4 in Fighting
   601 | D:1      | Reached XP level 3. HP: 27/30 MP: 3/3
  1391 | D:2      | Found a sacrificial altar of Ru.
  1392 | D:2      | You fall through a shaft!
  1392 | D:3      | Found a basalt altar of Yredelemnul.
  1413 | D:3      | Reached XP level 4. HP: 34/38 MP: 4/4
  1574 | D:3      | Noticed Ijyb
  1599 | D:3      | Killed Ijyb
  1599 | D:3      | Reached skill level 5 in Fighting
  1645 | D:3      | Found a burning altar of Makhleb.
  1658 | D:3      | Reached XP level 5. HP: 29/44 MP: 5/5
  1914 | D:3      | Reached skill level 6 in Fighting
  2000 | D:3      | Reached XP level 6. HP: 46/52 MP: 6/6
  2107 | D:3      | Slain by a worm

Skill      XL: |  1  2  3  4  5 |
---------------+----------------+-----
Fighting       | 4 5 6 |  6.0
Long Blades    | |  2.6
Armour         | |  3.0
Stealth        | |  0.2
Shields        | |  3.0

Action                   |  1- 3 |  4- 6 || total
-------------------------+-------+-------++-------
Melee: Long sword        |   114 |   161 ||   275
  Use: Potion            |     2 |       ||     2
       Scroll            |     1 |       ||     1
  Eat: Chunk             |     2 |     2 ||     4
Armor: Scale mail        |    51 |    10 ||    61
       Plate armour      |       |   134 ||   134
Dodge: Dodged            |    73 |    41 ||   114
